 Dungeon Crawl Stone Soup version 0.32-a0-12-g7fc57aa741 (webtiles) character file.

Game seed: 2070179701961548830

80 Amplified the Firebug (level 4, -2/32 HPs)
             Began as a Demonspawn Fire Elementalist on Jan 14, 2024.
             Was a Follower of Kikubaaqudgha.
             Slain by a hobgoblin (7 damage)
             ... on level 2 of the Dungeon.
             The game lasted 00:02:47 (1059 turns).

Amplified the Firebug (DsFE)                        Turns: 1059, Time: 00:02:48

Health: -2/32      AC:  2    Str: 10    XL:     4   Next: 18%
Magic:  7/7        EV: 12    Int: 16    God:    Kikubaaqudgha [*.....]
Gold:   66         SH:  0    Dex: 13    Spells: 6/7 levels left

rFire   . . .        e - +0 flail
rCold   . . .        (no shield)
rNeg    . . .        a - +0 robe
rPois   .            (no helmet)
rElec   .            (no cloak)
rCorr   .            (no gloves)
SInv    .            (no boots)
Will    .....        (no amulet)
Stlth   +            (no ring)
HPRegen 0.25/turn    (no ring)
MPRegen 0.10/turn

%: no passive effects
@: confused, ambrosia-drunk
A: demonic guardian 1
a: Renounce Religion, Unearth Wretches


You were on level 2 of the Dungeon.
You worshipped Kikubaaqudgha.
Kikubaaqudgha was aware of your devotion.
You visited 1 branch of the dungeon, and saw 2 of its levels.

You collected 66 gold pieces.

Inventory:

Hand Weapons
 e - a +0 flail (weapon)
Missiles
 g - 5 poisoned darts
Armour
 a - a +0 robe (worn)
Jewellery
 h - a ring of ice
Scrolls
 i - a scroll of revelation
Potions
 b - a potion of magic
 d - a potion of heal wounds {unknown}
 f - a potion of attraction {unknown}


   Skills:
 * Level 1.3 Fighting
 * Level 2.2 Dodging
 - Level 1.7 Stealth
 * Level 2.4 Spellcasting
 * Level 1.9 Conjurations
 * Level 1.3 Necromancy
 * Level 3.0 Fire Magic


You had 6 spell levels left.
You knew the following spells:

 Your Spells              Type           Power      Damage    Failure   Level
a - Foxfire               Conj/Fire      40%        2x1d6     7%          1

Your spell library contained the following spells:

 Spells                   Type           Power      Damage    Failure   Level
 Scorch                   Fire           22%        2d5       9%          2
 Kiss of Death            Conj/Necr      28%        2d7       10%         1
 Necrotise                Necr           24%        1d5       12%         1
 Inner Flame              Hex/Fire       6%         N/A       32%         3
 Volatile Blastmotes      Fire/Tloc      12%        2d11      32%         3
 Vampiric Draining        Necr           6%         2d6       34%         3
 Flame Wave               Conj/Fire      10%        2d6       56%         4
 Animate Dead             Necr           6%         N/A       75%         4


Dungeon Overview and Level Annotations

Branches:
Dungeon (2/15)

Altars:
Kikubaaqudgha

Annotations:
D:2 Robin


Innate Abilities, Weirdness & Mutations

A weak demonic guardian rushes to your aid.


Message History

Unknown command.
Unknown command.
You closely miss the goblin.
The foxfire hits the goblin.
The goblin is severely wounded.
The foxfire hits the goblin.
The goblin is heavily wounded.
The goblin hits you with a +0 dagger. Robin closely misses you.
The goblin closely misses you.
Unknown command.
You thump the goblin!
You kill the goblin!
Kikubaaqudgha accepts your kill.
A goblin comes into view. It is wielding a +0 club.
The goblin closely misses you. Robin throws the goblin at you!
The goblin hits you with a +0 dagger. The goblin hits you with a +0 whip.
A goblin comes into view. It is wielding a +0 dagger.
The goblin moves out of view.
Casting: Foxfire (safe; 7% risk of failure)
Confirm with . or Enter, or press ? or * to list all spells.
You conjure some foxfire!
Robin throws the goblin at you! The goblin hits you with a +0 dagger.
* * * LOW HITPOINT WARNING * * *
A demonic guardian appears!
The goblin barely misses you. x2
The goblin closely misses you.
Unknown command.
Unknown command.
It was a potion of ambrosia.
You are confused.
You feel invigorated.
The foxfire hits the goblin.
You kill the goblin!
Kikubaaqudgha accepts your kill.
The foxfire hits the goblin.
The goblin is moderately wounded.
Robin throws the goblin at you! The goblin hits you with a +0 whip!
* * * LOW HITPOINT WARNING * * *
The goblin misses you.
Unknown command.
You bump into the rock wall.
Robin barely misses you. The hobgoblin hits you!
You die...
Kikubaaqudgha rasps: "You have failed me!
Welcome... death!"

,,,,,****#S.......# ######.##
*,,,,* #..#....># #......##
**,,,* ##.......# ##.#######
*,*,* ##.g....# ###..#######
*,*,**** ###.####
#...######## *,*,,,,* #g##
#.### ###### *,***,,** #g.#
#.# ###### *,***,,,**
##g######.# ###### *,,**,*,,*
#)@g.....# ######
**,^,,**,*####5gg.#####
######
***,,**,,.....##..######
#####.
*,,****###...........######..
*,,* ##.###..####.........
**,* #..* ##..# ########..
*** #.#* ##.## ##. ###.#
#..#########.. *
######...#######............


You could see Robin, a hobgoblin (strong), 5 goblins and a friendly shadow imp
(summoned).

Vanquished Creatures
  2 adders (D:2)
  A dart slug (D:2)
  5 ball pythons
  A bat (D:2)
  2 endoplasms
  2 giant cockroaches
  2 hobgoblins (D:2)
  2 jackals (D:2)
  3 quokkas
  2 frilled lizards (D:1)
  3 goblins (D:2)
  A kobold (D:1)
  3 rats
29 creatures vanquished.

Vanquished Creatures (collateral kills)
  Terence (D:2)
  A giant cockroach (D:2)
  2 jackals (D:2)
4 creatures vanquished.

Vanquished Creatures (others)
  46 foxfires
46 creatures vanquished.

Grand Total: 79 creatures vanquished

Notes
Turn   | Place    | Note
-------+----------+-------------------------------------------
     0 | D:1      | Amplified the Demonspawn Fire Elementalist began the quest
                  | for the Orb.
     0 | D:1      | Reached XP level 1. HP: 13/13 MP: 3/3
   139 | D:1      | Gained mutation: A weak demonic guardian rushes to your
                  | aid. [demonic ancestry]
   139 | D:1      | Reached XP level 2. HP: 17/20 MP: 0/5
   338 | D:1      | Found a faded altar of an unknown god.
   343 | D:1      | Prayed at the altar of an unknown god.
   343 | D:1      | Became a worshipper of Kikubaaqudgha
   343 | D:1      | Reached * piety under Kikubaaqudgha
   343 | D:1      | Received a gift from Kikubaaqudgha
   692 | D:2      | Reached XP level 3. HP: 25/25 MP: 4/6
   751 | D:2      | Noticed Terence
   793 | D:2      | Reached skill level 1 in Fighting
   807 | D:2      | Killed Terence
   808 | D:2      | Reached skill level 1 in Necromancy
   808 | D:2      | Reached skill level 3 in Fire Magic
   904 | D:2      | Reached XP level 4. HP: 30/32 MP: 5/7
  1038 | D:2      | Noticed Robin
  1059 | D:2      | Slain by a hobgoblin

Illustrated notes

Levels and vault maps discovered:
D:1:      roderic_dead_forest, layout_rooms, shapermc_ecumenical_altar_venn
D:2:      layout_rooms, uniq_terence, uniq_robin

Skill      XL: |  1  2  3 |
---------------+----------+-----
Dodging        | 2 |  2.2
Fighting       | 1 |  1.3
Necromancy     | 1 |  1.3
Fire Magic     | 3 |  3.0
Stealth        | |  1.7
Spellcasting   | |  2.4
Conjurations   | |  1.9

Action                     |  1- 3 |  4- 6 || total
---------------------------+-------+-------++-------
  Melee: Flail             |    44 |     7 ||    51
         Unarmed           |     1 |       ||     1
         Punch             |     1 |       ||     1
   Cast: Foxfire           |    28 |     3 ||    31
    Use: Scroll            |     2 |       ||     2
         Potion            |       |     1 ||     1
   Stab: Sleeping          |     3 |       ||     3
 Armour: Robe              |    44 |    13 ||    57
  Dodge: Dodged            |    46 |    13 ||    59

Table legend: (Time is in decaauts)
 A = Elapsed time spent in this place.
 B = Non-inter-level travel time spent in this place.
 C = Inter-level travel time spent in this place.
 D = Time resting spent in this place.
 E = Time spent auto-exploring this place.
 F = Levels seen in this place.
 G = Mean time per level.
                   A        B        C        D        E       F      G
               +--------+--------+--------+--------+--------+-----+--------+
         Total |   1077 |   1058 |     19 |     72 |    627 |   2 |  538.5 |
       Dungeon |   1077 |   1058 |     19 |     72 |    627 |   2 |  538.5 |
               +--------+--------+--------+--------+--------+-----+--------+

Top non-repeatable levels by time:
     D:2: 643 daAuts
     D:1: 433 daAuts
